 Dungeon Crawl Stone Soup version 0.31-a0-360-gb3e1d13bf4 (webtiles) character file.

Game seed: 746491994384669883

110 Shard1697 the Ruffian (level 4, 0/41 HPs)
             Began as a Troll Summoner on July 27, 2023.
             Slain by Ijyb
             ... wielding a +0 club
              (3 damage)
             ... while paralysed by Ijyb
             ... on level 3 of the Dungeon.
             The game lasted 00:02:40 (2101 turns).

Shard1697 the Ruffian (Troll Summoner)              Turns: 2101, Time: 00:02:41

Health: 0/41       AC:  4    Str: 18    XL:     4   Next: 61%
Magic:  4/4        EV:  1    Int: 11    God:
Gold:   113        SH:  0    Dex: 10    Spells: 4/5 levels left

rFire   . .          .
                       - Unarmed
rCold   + . .        (no shield)
rNeg    . . .        a - +0 robe
rPois   .            (helmet restricted)
rElec   .            (no cloak)
rCorr   .            (gloves unavailable)
SInv    .            (boots unavailable)
Will    .....        (no amulet)
Stlth   +            j - ring of protection from cold
HPRegen 1.06/turn    (no ring)
MPRegen 0.09/turn

%: no passive effects
@: paralysed
A: large, unfitting armour, claws 3, regeneration 1, shaggy fur 1, tough skin 1
a: no special abilities


You were on level 3 of the Dungeon.
You visited 1 branch of the dungeon, and saw 3 of its levels.

You collected 113 gold pieces.

Inventory:

Armour
 a - a +0 robe (worn)
Jewellery
 j - a ring of protection from cold (left claw)
Scrolls
 e - a scroll of blinking {unknown}
 g - a scroll of revelation {unknown}
 h - 2 scrolls of enchant armour {unknown}
 k - 2 scrolls of identify {unknown}
 n - a scroll of teleportation {unknown}
 o - a scroll of noise {unknown}
 p - a scroll of fear {unknown}
Potions
 b - 2 potions of magic
 c - a potion of mutation {unknown}
 d - 3 potions of enlightenment {unknown}
 f - a potion of cancellation {unknown}
 i - a potion of curing {unknown}
 l - a potion of invisibility {unknown}
 m - a potion of might {unknown}


   Skills:
 + Level 1.5 Fighting
 - Level 1.5 Dodging
 - Level 1.0 Stealth
 * Level 3.7 Unarmed Combat
 - Level 1.2 Spellcasting
 - Level 2.9 Summonings


You had 4 spell levels left.
You knew the following spells:

 Your Spells              Type           Power      Damage    Failure   Level
a - Summon Small Mammal   Summ           28%        N/A       10%         1

Your spell library contained the following spells:

 Spells                   Type           Power      Damage    Failure   Level
 Call Imp                 Summ           14%        N/A       14%         2
 Call Canine Familiar     Summ           7%         N/A       28%         3
 Slow                     Hex            0%         N/A       32%         1
 Summon Guardian Golem    Hex/Summ       3%         N/A       45%         3
 Confusing Touch          Hex            0%         N/A       67%         3
 Vampiric Draining        Necr           0%         2d6       67%         3
 Summon Lightning Spire   Summ/Air       3%         N/A       86%         4


Dungeon Overview and Level Annotations

Branches:
Dungeon (3/15)

Altars:

Annotations:
D:3 Ijyb


Innate Abilities, Weirdness & Mutations

You are too large for most types of armour.
You have claws for hands.
Your natural rate of healing is unusually fast.
You are covered in fur. (AC +1)
You have tough skin. (AC +1)


Message History

The gnoll moves out of view.
The gnoll shouts!
Found a glowing ruby potion.
You hear an angry hiss.
There is a stone staircase leading down here.
A gnoll and a ball python come into view.
The gnoll is wielding a +0 spear of freezing.
The gnoll shouts!
The ball python hisses angrily.
You hear a bark!
You hear a shout!
Ijyb the Twisted Goblin comes into view.
She is wielding a +0 club and carrying a wand of paralysis.
The gnoll moves out of view.
The ball python moves out of view.
A hound comes into view.
The gnoll hits you from afar with a +0 spear.
A goblin comes into view. It is wielding a +0 dagger.
The gnoll hits you but does no damage. The gnoll completely misses you.
The goblin moves out of view.
You scratch Ijyb.
Ijyb is lightly wounded.
The gnoll barely misses you. The gnoll hits you with a +0 spear.
Ijyb closely misses you.
You closely miss Ijyb.
Ijyb is lightly wounded.
The gnoll hits you with a +0 spear.
Ijyb zaps a wand.
You suddenly lose the ability to move!
The ball python bites you but does no damage.
The gnoll hits you with a +0 spear!
Ijyb zaps a wand.
You shrug off the repeated paralysis!
The ball python bites you but does no damage.
The gnoll hits you from afar with a +0 halberd.
The gnoll hits you from afar with a +0 spear of freezing.
The gnoll freezes you. Ijyb hits you but does no damage.
The gnoll hits you with a +0 spear. The ball python bites you.
The gnoll hits you from afar with a +0 halberd.
* * * LOW HITPOINT WARNING * * *
The gnoll hits you but does no damage.
The gnoll hits you from afar with a +0 spear of freezing!
* * * LOW HITPOINT WARNING * * *
Ijyb hits you with a +0 club.
You die...

###############.#
#.# #...... #.#
#.########## #.#
#.#......###
###'##
#)#..(......
#....#
#.#.......##
#...>#
#.'.......#.
#....#
###......##.
#....# #......##.
#...@# #########'
#..Sggg.....
#.....
#...h.g.....
#.....
###.........
#..... #...!.....
#..... +.........
#..... #.........
#..... #.........
#####+


You could see Ijyb, a hound, 3 gnolls and a ball python.

Vanquished Creatures
  3 gnolls
  3 adders
  2 dart slugs (D:2)
  3 bats
  11 endoplasms
  A giant cockroach (D:2)
  6 hobgoblins
  3 quokkas
  4 ball pythons
  A goblin (D:2)
  7 kobolds
  3 rats
47 creatures vanquished.

Notes
Turn   | Place    | Note
-------+----------+-------------------------------------------
     0 | D:1      | Shard1697 the Troll Summoner began the quest for the Orb.
     0 | D:1      | Reached XP level 1. HP: 16/16 MP: 1/1
    45 | D:1      | Reached skill level 1 in Unarmed Combat
   184 | D:1      | Reached XP level 2. HP: 24/24 MP: 2/2
   425 | D:1      | Reached skill level 2 in Unarmed Combat
  1082 | D:2      | Reached XP level 3. HP: 32/32 MP: 3/3
  1521 | D:2      | Reached skill level 1 in Fighting
  1591 | D:2      | Reached skill level 3 in Unarmed Combat
  1796 | D:3      | Noticed an ogre
  1849 | D:3      | Reached XP level 4. HP: 29/41 MP: 4/4
  2094 | D:3      | Noticed Ijyb
  2098 | D:3      | Paralysed by Ijyb for 4 turns
  2101 | D:3      | Slain by Ijyb

Illustrated notes

Levels and vault maps discovered:
D:1:      ldierk_walled_garden, layout_rooms, st_stairs_7, chequers_big_river
D:2:      layout_basic, roderic_roman_lattice, minmay_misc_feat_tiny,
          minivault_14
D:3:      layout_basic, item_on_display_a, uniq_ijyb

Skill      XL: |  1  2  3 |
---------------+----------+-----
Unarmed Combat | 1 2 3 |  3.7
Fighting       | 1 |  1.5
Dodging        | |  1.5
Stealth        | |  1.0
Spellcasting   | |  1.2
Summonings     | |  2.9

Action                     |  1- 3 |  4- 6 || total
---------------------------+-------+-------++-------
  Melee: Unarmed           |    88 |    27 ||   115
         Punch             |     1 |       ||     1
   Stab: Sleeping          |     1 |       ||     1
 Armour: Robe              |    24 |    12 ||    36
  Dodge: Dodged            |    42 |    11 ||    53

Table legend: (Time is in decaauts)
 A = Elapsed time spent in this place.
 B = Non-inter-level travel time spent in this place.
 C = Inter-level travel time spent in this place.
 D = Time resting spent in this place.
 E = Time spent auto-exploring this place.
 F = Levels seen in this place.
 G = Mean time per level.
                   A        B        C        D        E       F      G
               +--------+--------+--------+--------+--------+-----+--------+
         Total |   2097 |   1977 |    120 |     15 |   1617 |   3 |  699.0 |
       Dungeon |   2097 |   1977 |    120 |     15 |   1617 |   3 |  699.0 |
               +--------+--------+--------+--------+--------+-----+--------+

Top non-repeatable levels by time:
     D:2: 1057 daAuts
     D:1: 803 daAuts
     D:3: 235 daAuts
